[Event "Gibraltar Junior Intl U16 2019"]
[Site "Caleta"]
[Date "2019.08.16"]
[Round "1.17"]
[White "Lorente Serrano, Rosa Adela"]
[Black "Rayner, Hugo"]
[Result "1-0"]
[ECO "A01"]
[WhiteElo "1810"]
[BlackElo "1448"]
[Annotator "NA"]
[PlyCount "87"]
[EventDate "2019.08.16"]
[EventType "swiss"]
[EventCountry "GGB"]
[SourceTitle "playchess.com"]
[Source "ChessBase"]
[SourceQuality "1"]
[TimeControl "6600+10"]

1. b3 e5 2. Bb2 Nc6 3. c4 Bc5 4. e3 Nf6 5. a3 a5 6. d3 O-O 7. Nd2 d5 8. cxd5 Qxd5 9. Ngf3 Ba7 10. Qc2 Bg4 11. Be2 Rfe8 12. Ne4 Nxe4 13. dxe4 Qe6 14. h3 Bxf3 15. Bxf3 Rad8 16. O-O Rd6 17. Be2 Red8 18. Bc3 Bb6 19. Bc4 Qe8 20. Bd5 Rb8 21. Qb2 Kh8 22. Kh1 f6 23. f4 Bxe3 24. Bxc6 Rxc6 25. fxe5 fxe5 26. Bxe5 Bh6 27. Rf5 Kg8 28. Raf1 Qd7 29. Qf2 g6 30. Rf7 Qe6 31. Qh4 g5 32. Qg3 Qxf7 33. Rxf7 Kxf7 34. Qf3+ Ke7 35. Qf5 Rf8 36. Qxh7+ Rf7 37. Qh8 Rf8 38. Qh7+ Rf7 39. Qg8 Re6 40. Bd4 Rxe4 41. Bc5+ Kf6 42. Qd8+ Kg7 43. Bd4+ Kg6 44. Qg8+ 1-0

[Event "Gibraltar Junior Intl U16 2019"]
[Site "Caleta"]
[Date "2019.08.16"]
[Round "1.18"]
[White "Garcia Calero, Jose Maria"]
[Black "Bartelt, Max Peter"]
[Result "0-1"]
[ECO "C00"]
[WhiteElo "1395"]
[BlackElo "1803"]
[Annotator "NA"]
[PlyCount "70"]
[EventDate "2019.08.16"]
[EventType "swiss"]
[EventCountry "GGB"]
[SourceTitle "playchess.com"]
[Source "ChessBase"]
[SourceQuality "1"]
[TimeControl "6600+10"]

1. e4 e6 2. b3 d5 3. Bb2 Nf6 4. e5 Nfd7 5. f4 c5 6. Qg4 Nc6 7. Nf3 Nb4 8. Na3 a6 9. Be2 b5 10. h4 Bb7 11. h5 h6 12. f5 Qe7 13. Nh4 d4 14. fxe6 Qxe6 15. Qxe6+ fxe6 16. Ng6 Rg8 17. O-O O-O-O 18. Bg4 Re8 19. Rf7 Be4 20. Raf1 Bxg6 21. hxg6 Nxe5 22. Bxe6+ Rxe6 23. Rxf8+ Rxf8 24. Rxf8+ Kd7 25. c3 Ke7 26. Ra8 Nbd3 27. cxd4 Ng4 28. Ra7+ Kd8 29. Nc2 Nxb2 30. Rxg7 cxd4 31. Rg8+ Ke7 32. g3 Rd6 33. Kg2 d3 34. Nb4 a5 35. Nd5+ Rxd5 0-1

[Event "Gibraltar Junior Intl U16 2019"]
[Site "Caleta"]
[Date "2019.08.16"]
[Round "1.19"]
[White "Gogia, Armaan"]
[Black "Popham, Sarah"]
[Result "1-0"]
[ECO "A00"]
[WhiteElo "1754"]
[BlackElo "1372"]
[Annotator "NA"]
[PlyCount "101"]
[EventDate "2019.08.16"]
[EventType "swiss"]
[EventCountry "GGB"]
[SourceTitle "playchess.com"]
[Source "ChessBase"]
[SourceQuality "1"]
[TimeControl "6600+10"]

1. Nc3 e5 2. e3 d5 3. Qh5 Nc6 4. Bb5 Qd6 5. d4 exd4 6. exd4 Nf6 7. Qe5+ Qe6 8. Nf3 Bd7 9. Qxe6+ fxe6 10. Bf4 O-O-O 11. O-O-O Bb4 12. Ne2 Ne4 13. Rhf1 Ne7 14. Bxd7+ Kxd7 15. Ne5+ Ke8 16. f3 Nf6 17. Bg5 Nd7 18. Nd3 Ba5 19. Nef4 h6 20. Bxe7 Kxe7 21. Ng6+ Kf7 22. Nxh8+ Rxh8 23. c3 c6 24. f4 Bd8 25. Ne5+ Nxe5 26. fxe5+ Ke8 27. Rf3 Bg5+ 28. Kc2 h5 29. Rdf1 Be7 30. Kd3 c5 31. dxc5 Bxc5 32. Rf7 b5 33. Rxg7 h4 34. Rf6 Bf8 35. Rxa7 Rg8 36. Rxf8+ Rxf8 37. Ra8+ Ke7 38. Rxf8 Kxf8 39. g4 Kf7 40. h3 Kg6 41. b3 Kg5 42. a4 bxa4 43. bxa4 Kf4 44. Kd4 Kg3 45. g5 Kxh3 46. g6 Kh2 47. g7 h3 48. g8=Q Kh1 49. Qg3 h2 50. Qxh2+ Kxh2 51. a5 1-0

[Event "Gibraltar Junior Intl U16 2019"]
[Site "Caleta"]
[Date "2019.08.16"]
[Round "1.20"]
[White "Gaspar Lopez, Rocio"]
[Black "Onslow, Teddy"]
[Result "0-1"]
[ECO "C05"]
[WhiteElo "1367"]
[BlackElo "1739"]
[Annotator "NA"]
[PlyCount "62"]
[EventDate "2019.08.16"]
[EventType "swiss"]
[EventCountry "GGB"]
[SourceTitle "playchess.com"]
[Source "ChessBase"]
[SourceQuality "1"]
[TimeControl "6600+10"]

1. e4 e6 2. d4 d5 3. Nd2 Nf6 4. e5 Nfd7 5. f4 c5 6. Ngf3 Nc6 7. Nb3 Qb6 8. c3 a5 9. a4 cxd4 10. Nbxd4 Bc5 11. Bb5 O-O 12. O-O Na7 13. Be2 f6 14. exf6 Nxf6 15. Kh1 Nc6 16. Nb3 Bd6 17. Nbd4 h6 18. Qb3 Qd8 19. Nc2 Ne4 20. g3 Bc5 21. Nfd4 e5 22. Nxc6 bxc6 23. Bf3 Nf2+ 24. Kg2 Bh3+ 25. Kg1 Bxf1 26. Kxf1 Nd3 27. c4 e4 28. Bh1 Rb8 29. Qa2 Ba7 30. Rb1 Nxc1 31. Rxc1 Qb6 0-1

[Event "Gibraltar Junior Intl U16 2019"]
[Site "Caleta"]
[Date "2019.08.16"]
[Round "1.21"]
[White "Volovich, Julia"]
[Black "Dhanwani, Aryan"]
[Result "1-0"]
[ECO "D52"]
[WhiteElo "1726"]
[BlackElo "1319"]
[Annotator "NA"]
[PlyCount "55"]
[EventDate "2019.08.16"]
[EventType "swiss"]
[EventCountry "GGB"]
[SourceTitle "playchess.com"]
[Source "ChessBase"]
[SourceQuality "1"]
[TimeControl "6600+10"]

1. d4 c6 2. c4 d5 3. Nf3 Nf6 4. Nc3 e6 5. Bg5 Nbd7 6. e3 Bd6 7. Qc2 Qc7 8. c5 Be7 9. Bf4 Qa5 10. h3 b5 11. Bd3 b4 12. Ne2 Ba6 13. O-O Bd8 14. a3 bxa3 15. Rxa3 Bxd3 16. Qxd3 Qb4 17. Rfa1 Qxb2 18. Rb1 Qxb1+ 19. Qxb1 O-O 20. Bd6 Re8 21. Qb7 Be7 22. Bxe7 Rab8 23. Qxc6 Rxe7 24. Rxa7 Ne5 25. Qd6 Rb1+ 26. Kh2 Nxf3+ 27. gxf3 Rxa7 28. Qd8+ 1-0

[Event "Gibraltar Junior Intl U16 2019"]
[Site "Caleta"]
[Date "2019.08.16"]
[Round "1.22"]
[White "Khan, Samir"]
[Black "Gutierrez Lupion, Nuria"]
[Result "0-1"]
[ECO "B42"]
[WhiteElo "1282"]
[BlackElo "1712"]
[Annotator "NA"]
[PlyCount "102"]
[EventDate "2019.08.16"]
[EventType "swiss"]
[EventCountry "GGB"]
[SourceTitle "playchess.com"]
[Source "ChessBase"]
[SourceQuality "1"]
[TimeControl "6600+10"]

1. e4 c5 2. Nf3 d6 3. d4 cxd4 4. Nxd4 Nf6 5. Nc3 a6 6. Bd3 e6 7. O-O Be7 8. Re1 O-O 9. f3 Qb6 10. Be3 Qxb2 11. Nde2 Qa3 12. Qd2 Nbd7 13. Reb1 Nc5 14. Bc4 b5 15. Bb3 Qa5 16. Nd5 Qd8 17. Nxe7+ Qxe7 18. Rd1 Nxb3 19. cxb3 d5 20. e5 Nd7 21. Rdc1 Nxe5 22. Bc5 Qf6 23. Bxf8 Kxf8 24. Rc7 Nxf3+ 25. gxf3 Qxa1+ 26. Kf2 Qf6 27. Qb4+ Kg8 28. Re7 h6 29. Re8+ Kh7 30. Qf8 Qh4+ 31. Kg2 Qg5+ 32. Kh1 Qe5 33. Ng1 Qc3 34. Qxf7 a5 35. Qg8+ Kg6 36. Rxe6+ Bxe6 37. Qxa8 d4 38. Qe8+ Kf6 39. Qf8+ Bf7 40. Qd6+ Kf5 41. Qd7+ Kg6 42. Qg4+ Kh7 43. Ne2 Qe1+ 44. Ng1 d3 45. Kg2 d2 46. Nh3 d1=Q 47. Ng5+ hxg5 48. Qf5+ Bg6 49. Qh3+ Qh4 50. Qe6 Qd2+ 51. Kg1 Qdf2+ 0-1

[Event "Gibraltar Junior Intl U16 2019"]
[Site "Caleta"]
[Date "2019.08.16"]
[Round "1.23"]
[White "Greco, Joseph"]
[Black "Moughtin-Leay, John"]
[Result "1-0"]
[ECO "C66"]
[WhiteElo "1690"]
[BlackElo "1215"]
[Annotator "NA"]
[PlyCount "67"]
[EventDate "2019.08.16"]
[EventType "swiss"]
[EventCountry "GGB"]
[SourceTitle "playchess.com"]
[Source "ChessBase"]
[SourceQuality "1"]
[TimeControl "6600+10"]

1. e4 e5 2. Nf3 Nc6 3. Bb5 d6 4. O-O Nf6 5. Re1 Bg4 6. d3 h6 7. Be3 a6 8. Ba4 g5 9. Nbd2 Bg7 10. Nf1 O-O 11. h3 Be6 12. g4 b5 13. Bb3 Ne7 14. c3 d5 15. Nxe5 Nxe4 16. Nxf7 Bxf7 17. dxe4 dxe4 18. Ng3 Bxb3 19. Qxb3+ Qd5 20. Rad1 Qxb3 21. axb3 Rf3 22. Rd7 Re8 23. Kg2 Nc6 24. Nf5 Bf8 25. Rxc7 Na5 26. Rd1 Nxb3 27. Rdd7 Na1 28. Rh7 Nc2 29. Bd4 Nxd4 30. cxd4 Re6 31. d5 Rf6 32. d6 Bxd6 33. Rcg7+ Kf8 34. Rh8# 1-0

[Event "Gibraltar Junior Intl U16 2019"]
[Site "Caleta"]
[Date "2019.08.16"]
[Round "1.24"]
[White "Harbinson, Alec Ryan"]
[Black "Aubury, Benjamin"]
[Result "0-1"]
[ECO "B13"]
[WhiteElo "1118"]
[BlackElo "1686"]
[Annotator "NA"]
[PlyCount "82"]
[EventDate "2019.08.16"]
[EventType "swiss"]
[EventCountry "GGB"]
[SourceTitle "playchess.com"]
[Source "ChessBase"]
[SourceQuality "1"]
[TimeControl "6600+10"]

1. e4 c6 2. Nc3 d5 3. exd5 cxd5 4. d4 Nc6 5. Bb5 Nf6 6. Nge2 a6 7. Bxc6+ bxc6 8. Bf4 Bf5 9. Ng3 Bg6 10. O-O e6 11. Nce2 Qb6 12. b3 Be7 13. c3 c5 14. Be5 O-O 15. Nf4 Nd7 16. Nxg6 hxg6 17. Bf4 cxd4 18. cxd4 Bf6 19. Ne2 Rfc8 20. Qd2 Nb8 21. Rac1 Nc6 22. Be3 Na7 23. Bg5 Nb5 24. Bxf6 gxf6 25. h4 Kg7 26. Rxc8 Rxc8 27. Rd1 Rc6 28. f4 Qc7 29. Rc1 Nxd4 30. Rxc6 Nxc6 31. Qc3 Qb6+ 32. Kh2 Qf2 33. Qxc6 Qxe2 34. Qa4 e5 35. fxe5 fxe5 36. Qa5 d4 37. Qa4 Qd3 38. Kg1 Qe3+ 39. Kh2 d3 40. Qxa6 d2 41. Qf1 Qf4+ 0-1

[Event "Gibraltar Junior Intl U16 2019"]
[Site "Caleta"]
[Date "2019.08.16"]
[Round "2.1"]
[White "Bartelt, Max Peter"]
[Black "Garrido Outon, Alex"]
[Result "0-1"]
[ECO "A60"]
[WhiteElo "1803"]
[BlackElo "2231"]
[Annotator "NA"]
[PlyCount "70"]
[EventDate "2019.08.16"]
[EventType "swiss"]
[EventCountry "GGB"]
[SourceTitle "playchess.com"]
[Source "ChessBase"]
[SourceQuality "1"]
[TimeControl "6600+10"]

1. d4 c5 2. d5 Nf6 3. c4 e6 4. Nc3 exd5 5. Nxd5 Nxd5 6. cxd5 d6 7. e4 g6 8. f4 Bg7 9. Nf3 O-O 10. Qc2 Bg4 11. Nd2 f5 12. Bd3 fxe4 13. Nxe4 Bd4 14. Bd2 Qh4+ 15. g3 Qe7 16. Bc3 Bf3 17. Kd2 Bxh1 18. Rxh1 Nd7 19. Bxd4 cxd4 20. Re1 Rfe8 21. Qa4 Nc5 22. Nf6+ Qxf6 23. Rxe8+ Kf7 24. Rxa8 Nxa4 25. Rxa7 Nc5 26. b4 Nxd3 27. Rxb7+ Ke8 28. Kxd3 g5 29. fxg5 Qe5 30. Rxh7 Qe3+ 31. Kc4 Qc3+ 32. Kb5 Qd3+ 33. Kc6 Qxh7 34. g6 Qd7+ 35. Kb6 d3 0-1

[Event "Gibraltar Junior Intl U16 2019"]
[Site "Caleta"]
[Date "2019.08.16"]
[Round "2.2"]
[White "Cuellar Montes, Alejandro"]
[Black "Lorente Serrano, Rosa Adela"]
[Result "1-0"]
[ECO "E76"]
[WhiteElo "2143"]
[BlackElo "1810"]
[Annotator "NA"]
[PlyCount "59"]
[EventDate "2019.08.16"]
[EventType "swiss"]
[EventCountry "GGB"]
[SourceTitle "playchess.com"]
[Source "ChessBase"]
[SourceQuality "1"]
[TimeControl "6600+10"]

1. d4 Nf6 2. c4 g6 3. Nc3 Bg7 4. e4 d6 5. f4 c5 6. d5 b5 7. cxb5 a6 8. a4 Bd7 9. Qc2 O-O 10. Nf3 axb5 11. Bxb5 Bxb5 12. Nxb5 e6 13. dxe6 fxe6 14. O-O Qb6 15. Kh1 Nc6 16. Be3 Ng4 17. Bg1 Na5 18. h3 Nh6 19. Ng5 Rae8 20. Rad1 Nb7 21. Qd2 Qa6 22. Nc7 Qxa4 23. Ngxe6 Qxe4 24. Nxe8 Rxe8 25. Nxg7 Kxg7 26. Rfe1 Qc6 27. Qc3+ Kg8 28. Qb3+ c4 29. Rxe8+ Kf7 30. Qc3 1-0

[Event "Gibraltar Junior Intl U16 2019"]
[Site "Caleta"]
[Date "2019.08.16"]
[Round "2.3"]
[White "Onslow, Teddy"]
[Black "Perez Beltran, Salvador"]
[Result "0-1"]
[ECO "D00"]
[WhiteElo "1739"]
[BlackElo "2103"]
[Annotator "NA"]
[PlyCount "76"]
[EventDate "2019.08.16"]
[EventType "swiss"]
[EventCountry "GGB"]
[SourceTitle "playchess.com"]
[Source "ChessBase"]
[SourceQuality "1"]
[TimeControl "6600+10"]

1. d4 Nf6 2. Bf4 d5 3. e3 c5 4. c3 Nc6 5. Bd3 Qb6 6. Qb3 c4 7. Qxb6 axb6 8. Be2 Bf5 9. Nd2 b5 10. Ngf3 h6 11. O-O b4 12. Ne5 e6 13. cxb4 Bxb4 14. Nb1 Nxe5 15. Bxe5 Bxb1 16. Rfxb1 c3 17. a4 cxb2 18. Ra2 Bc3 19. f3 Ke7 20. Bb5 Rhc8 21. Kf2 Nh5 22. Ke2 f6 23. Bg3 Nxg3+ 24. hxg3 e5 25. Kd3 f5 26. Ra3 e4+ 27. Ke2 Bb4 28. Rb3 Ba3 29. R1xb2 Bxb2 30. Rxb2 Rc1 31. g4 fxg4 32. fxg4 Rac8 33. Kf2 R8c2+ 34. Rxc2 Rxc2+ 35. Kg3 g5 36. Bf1 Kd6 37. Bb5 Kc7 38. Be8 Re2 0-1

[Event "Gibraltar Junior Intl U16 2019"]
[Site "Caleta"]
[Date "2019.08.16"]
[Round "2.4"]
[White "Cesar Maestre, Bernardo"]
[Black "Gogia, Armaan"]
[Result "1-0"]
[ECO "E62"]
[WhiteElo "2084"]
[BlackElo "1754"]
[Annotator "NA"]
[PlyCount "95"]
[EventDate "2019.08.16"]
[EventType "swiss"]
[EventCountry "GGB"]
[SourceTitle "playchess.com"]
[Source "ChessBase"]
[SourceQuality "1"]
[TimeControl "6600+10"]

1. d4 Nf6 2. Nf3 g6 3. g3 Bg7 4. Bg2 O-O 5. O-O d6 6. c4 Nc6 7. Nc3 e5 8. dxe5 Nxe5 9. Nxe5 dxe5 10. Bg5 Qxd1 11. Rfxd1 c6 12. Rac1 Be6 13. b3 h6 14. Be3 Rfe8 15. Na4 Ng4 16. Bc5 Bf8 17. Bxf8 Kxf8 18. Nc5 Re7 19. Nxe6+ Rxe6 20. Bh3 f5 21. f3 Nf6 22. e4 Re7 23. exf5 gxf5 24. Bxf5 Kf7 25. Kf2 Rg8 26. Re1 Rg5 27. Bb1 h5 28. h4 Rg8 29. Bf5 Rge8 30. Rcd1 a5 31. Re2 Ra8 32. Red2 c5 33. Rd8 Ra7 34. a4 Ne8 35. R1d7 b6 36. Rxa7 Rxa7 37. Rd7+ Rxd7 38. Bxd7 Nc7 39. Ke3 Ke7 40. Bf5 Kf6 41. g4 Ne8 42. Bd3 Ng7 43. g5+ Kf7 44. Be4 Ke7 45. f4 exf4+ 46. Kxf4 Ne6+ 47. Ke5 Nd4 48. Bd5 1-0

[Event "Gibraltar Junior Intl U16 2019"]
[Site "Caleta"]
[Date "2019.08.16"]
[Round "2.5"]
[White "Gutierrez Lupion, Nuria"]
[Black "Kracht, Raphael"]
[Result "0-1"]
[ECO "B80"]
[WhiteElo "1712"]
[BlackElo "2072"]
[Annotator "NA"]
[PlyCount "42"]
[EventDate "2019.08.16"]
[EventType "swiss"]
[EventCountry "GGB"]
[SourceTitle "playchess.com"]
[Source "ChessBase"]
[SourceQuality "1"]
[TimeControl "6600+10"]

1. e4 c5 2. Nf3 d6 3. d4 cxd4 4. Nxd4 Nf6 5. Nc3 a6 6. f3 e6 7. Be3 b5 8. g4 b4 9. Nce2 h6 10. h4 Bb7 11. Qd2 d5 12. exd5 Nxd5 13. Bf2 Nd7 14. O-O-O Rc8 15. Bg2 N7b6 16. Nb3 Nc4 17. Qd3 Qc7 18. Ned4 Nf4 19. Qf1 e5 20. Re1 Be7 21. Nf5 Nd2 0-1

[Event "Gibraltar Junior Intl U16 2019"]
[Site "Caleta"]
[Date "2019.08.16"]
[Round "2.7"]
[White "Martinez Soriano, Javier"]
[Black "Volovich, Julia"]
[Result "0-1"]
[ECO "C00"]
[WhiteElo "1992"]
[BlackElo "1726"]
[Annotator "NA"]
[PlyCount "28"]
[EventDate "2019.08.16"]
[EventType "swiss"]
[EventCountry "GGB"]
[SourceTitle "playchess.com"]
[Source "ChessBase"]
[SourceQuality "1"]
[TimeControl "6600+10"]

1. e4 e6 2. d3 d5 3. Qe2 Nc6 4. Nf3 e5 5. exd5 Qxd5 6. Nc3 Bb4 7. Bd2 Bxc3 8. Bxc3 Bg4 9. Qe4 Bxf3 10. gxf3 Nf6 11. Qe3 O-O-O 12. b3 Nd4 13. O-O-O Qc6 14. Kb2 Nd5 0-1

[Event "Gibraltar Junior Intl U16 2019"]
[Site "Caleta"]
[Date "2019.08.16"]
[Round "2.8"]
[White "Serrano Almendros, Alejandro"]
[Black "Greco, Joseph"]
[Result "1-0"]
[ECO "D36"]
[WhiteElo "1922"]
[BlackElo "1690"]
[Annotator "NA"]
[PlyCount "119"]
[EventDate "2019.08.16"]
[EventType "swiss"]
[EventCountry "GGB"]
[SourceTitle "playchess.com"]
[Source "ChessBase"]
[SourceQuality "1"]
[TimeControl "6600+10"]

1. d4 Nf6 2. c4 e6 3. Nc3 d5 4. cxd5 exd5 5. Bg5 Be7 6. Qc2 c6 7. e3 h6 8. Bh4 O-O 9. Bd3 Ne8 10. Bxe7 Qxe7 11. Nxd5 cxd5 12. Qxc8 Nc6 13. Qxa8 Nf6 14. Qxf8+ Kxf8 15. Nf3 Qb4+ 16. Nd2 Ng4 17. Rd1 Nxd4 18. h3 Ne5 19. Bb1 Nb5 20. O-O Qxb2 21. Nb3 Nc3 22. Rd2 Qa3 23. Rc1 Nc4 24. Rxc3 Nxd2 25. Rc8+ Ke7 26. Nxd2 Kd7 27. Rc2 a5 28. Nf3 b5 29. Kh2 f5 30. Rd2 Ke6 31. Nd4+ Kf6 32. Nxf5 Qc1 33. Rxd5 Qxb1 34. Ng3 Ke6 35. Rd2 a4 36. Ne2 b4 37. Nd4+ Kd5 38. Nb3+ Kc4 39. Rd4+ Kc3 40. Rc4+ Kb2 41. Rxb4 Kc3 42. Rxa4 Qf5 43. Rf4 Qe5 44. g3 g5 45. Rd4 h5 46. Kg2 Qf5 47. Nd2 Qf8 48. Ne4+ Kb2 49. Nxg5 Kxa2 50. Rh4 Qe8 51. Nf3 Kb2 52. Nd4 Kc3 53. Ne2+ Kd2 54. Nf4 Qa8+ 55. Kh2 Qf3 56. Rxh5 Ke1 57. Ra5 Qxf2+ 58. Ng2+ Kd1 59. Ra1+ Ke2 60. Ra2+ 1-0

[Event "Gibraltar Junior Intl U16 2019"]
[Site "Caleta"]
[Date "2019.08.16"]
[Round "2.9"]
[White "Aubury, Benjamin"]
[Black "Llena Velarde, David"]
[Result "0-1"]
[ECO "A90"]
[WhiteElo "1686"]
[BlackElo "1920"]
[Annotator "NA"]
[PlyCount "176"]
[EventDate "2019.08.16"]
[EventType "swiss"]
[EventCountry "GGB"]
[SourceTitle "playchess.com"]
[Source "ChessBase"]
[SourceQuality "1"]
[TimeControl "6600+10"]

1. d4 e6 2. c4 f5 3. g3 Nf6 4. Bg2 d5 5. Nh3 c6 6. O-O Bd6 7. Bf4 O-O 8. Nd2 Qe7 9. Nf3 Nbd7 10. cxd5 exd5 11. Bxd6 Qxd6 12. Nf4 Ne4 13. e3 a5 14. Rc1 Ndf6 15. Ne5 Bd7 16. Nfd3 Rfc8 17. a3 a4 18. Qe1 Be8 19. h4 Qe7 20. f3 Nd6 21. Qb4 Nd7 22. Rc2 Kf8 23. g4 Nxe5 24. Nxe5 Rd8 25. g5 Nb5 26. Qxe7+ Kxe7 27. Bh3 g6 28. Rd1 Nd6 29. Bf1 Rdc8 30. Nd3 Bd7 31. Nc5 Be6 32. Kf2 h6 33. Kg3 hxg5 34. hxg5 Rh8 35. Bd3 Bf7 36. Rh2 Rxh2 37. Kxh2 b6 38. Na6 Rh8+ 39. Kg2 Rh5 40. f4 Nb7 41. Nb4 Kd6 42. Bc2 b5 43. Nd3 Na5 44. Rc1 Nc4 45. Re1 Be8 46. Re2 Rh7 47. Re1 Rh4 48. Re2 Rg4+ 49. Kh2 Rh4+ 50. Kg2 Ke6 51. Nc5+ Ke7 52. Nd3 Kd6 53. Re1 Rh7 54. Re2 Re7 55. Kf2 Rh7 56. Kg2 Nb6 57. Nc5 Rh4 58. Re1 Nc4 59. Nd3 Ke6 60. Nc5+ Ke7 61. Nd3 Kd6 62. Re2 Rh8 63. Re1 Ke6 64. Nc5+ Ke7 65. Nd3 Rh4 66. Re2 Kd6 67. Re1 Nd2 68. Nc5 Rg4+ 69. Kf2 Bd7 70. Rd1 Nc4 71. Nd3 Rh4 72. Ne1 Rh2+ 73. Ng2 Nxe3 74. Kxe3 Rxg2 75. Rc1 Rg3+ 76. Kf2 Rh3 77. Kg2 Re3 78. Kf2 Re7 79. Bd3 Rh7 80. Kg3 Rh8 81. Bb1 Rb8 82. Rc5 b4 83. Bc2 bxa3 84. bxa3 Rb2 85. Bxa4 Rd2 86. Rc3 Rxd4 87. Bb3 c5 88. a4 Bxa4 0-1

[Event "Gibraltar Junior Intl U16 2019"]
[Site "Caleta"]
[Date "2019.08.16"]
[Round "2.10"]
[White "Howell, Oliver W"]
[Black "Usharovsky, Ron"]
[Result "1-0"]
[ECO "A11"]
[WhiteElo "1847"]
[BlackElo "1670"]
[Annotator "NA"]
[PlyCount "111"]
[EventDate "2019.08.16"]
[EventType "swiss"]
[EventCountry "GGB"]
[SourceTitle "playchess.com"]
[Source "ChessBase"]
[SourceQuality "1"]
[TimeControl "6600+10"]

1. Nf3 Nf6 2. c4 c6 3. g3 d5 4. cxd5 cxd5 5. Bg2 Bf5 6. O-O Nc6 7. d3 e6 8. Nc3 a6 9. Bg5 Be7 10. Re1 d4 11. Na4 Rc8 12. Rc1 b5 13. Nc5 Qb6 14. Nb3 O-O 15. Nh4 Nd5 16. Bxe7 Ncxe7 17. Nxf5 exf5 18. Qd2 Qf6 19. Rxc8 Rxc8 20. Rc1 Rc6 21. Rxc6 Qxc6 22. Nxd4 Qc5 23. Bxd5 Qxd4 24. Bf3 g6 25. Qc3 Qxc3 26. bxc3 Kf8 27. Kf1 Ke8 28. Ke1 Kd7 29. Kd2 Kd6 30. Kc2 a5 31. Kb3 Kc5 32. d4+ Kb6 33. a3 Nc8 34. e3 Nd6 35. Bd5 h6 36. c4 bxc4+ 37. Bxc4 g5 38. Bd5 Kb5 39. a4+ Kb6 40. f3 f6 41. e4 fxe4 42. fxe4 Ne8 43. Kc4 Nd6+ 44. Kd3 Ne8 45. e5 fxe5 46. dxe5 Kc5 47. Ke4 Nc7 48. Bb3 Kb4 49. Bd1 Kc5 50. Kf5 Kc6 51. Kf6 Kd7 52. e6+ Kd8 53. e7+ Ke8 54. Bh5+ Kd7 55. Kf7 Ne8 56. Bg4+ 1-0

[Event "Gibraltar Junior Intl U16 2019"]
[Site "Caleta"]
[Date "2019.08.16"]
[Round "2.11"]
[White "Hussain, Adam"]
[Black "Gutierrez Lupion, Daniel"]
[Result "0-1"]
[ECO "A45"]
[WhiteElo "1515"]
[BlackElo "1811"]
[Annotator "NA"]
[PlyCount "86"]
[EventDate "2019.08.16"]
[EventType "swiss"]
[EventCountry "GGB"]
[SourceTitle "playchess.com"]
[Source "ChessBase"]
[SourceQuality "1"]
[TimeControl "6600+10"]

1. d4 Nf6 2. Nc3 e6 3. Bg5 Bb4 4. e4 h6 5. Bxf6 Qxf6 6. Nf3 b6 7. a3 Bxc3+ 8. bxc3 Bb7 9. Bd3 d6 10. Qe2 Nd7 11. a4 O-O 12. O-O e5 13. a5 Rfe8 14. axb6 axb6 15. d5 Nc5 16. Bb5 Red8 17. Nd2 Qf4 18. f3 f5 19. Kh1 Rf8 20. Kg1 Ba6 21. Bxa6 Rxa6 22. Rxa6 Nxa6 23. Ra1 Nc5 24. Ra7 fxe4 25. Rxc7 exf3 26. Nxf3 Qc1+ 27. Ne1 Rf4 28. Rxc5 bxc5 29. g3 Rf6 30. Kg2 Qa1 31. Qe3 Qd1 32. c4 Kf7 33. h3 Qh5 34. Nd3 Qf5 35. Qe2 e4 36. Nf2 Qxf2+ 37. Qxf2 Rxf2+ 38. Kxf2 Kf6 39. Ke3 Kf5 40. Kf2 h5 41. Ke3 Ke5 42. c3 g5 43. g4 h4 0-1

[Event "Gibraltar Junior Intl U16 2019"]
[Site "Caleta"]
[Date "2019.08.16"]
[Round "2.12"]
[White "Krivenko, Dion"]
[Black "Kuzhelev, Timur"]
[Result "1-0"]
[ECO "A41"]
[WhiteElo "1810"]
[BlackElo "1597"]
[Annotator "NA"]
[PlyCount "33"]
[EventDate "2019.08.16"]
[EventType "swiss"]
[EventCountry "GGB"]
[SourceTitle "playchess.com"]
[Source "ChessBase"]
[SourceQuality "1"]
[TimeControl "6600+10"]

1. e4 g6 2. Nf3 Bg7 3. g3 d6 4. Bg2 e5 5. d4 Nd7 6. O-O Ne7 7. Nc3 O-O 8. dxe5 dxe5 9. Be3 f5 10. Ng5 Nf6 11. Qe2 c6 12. Qc4+ Kh8 13. Nf7+ Rxf7 14. Qxf7 Qf8 15. Qxf8+ Bxf8 16. Rfd1 Be6 17. Rd6 1-0

[Event "Gibraltar Junior Intl U16 2019"]
[Site "Caleta"]
[Date "2019.08.16"]
[Round "2.13"]
[White "Tombolis, Christopher"]
[Black "Akeya-Price, Robert"]
[Result "1/2-1/2"]
[ECO "E46"]
[WhiteElo "1874"]
[BlackElo "1988"]
[Annotator "NA"]
[PlyCount "34"]
[EventDate "2019.08.16"]
[EventType "swiss"]
[EventCountry "GGB"]
[SourceTitle "playchess.com"]
[Source "ChessBase"]
[SourceQuality "1"]
[TimeControl "6600+10"]

1. d4 Nf6 2. c4 e6 3. Nc3 Bb4 4. e3 O-O 5. Nge2 d5 6. a3 Bxc3+ 7. Nxc3 Nbd7 8. Bd3 dxc4 9. Bxc4 c5 10. O-O Nb6 11. Qd3 Qe7 12. Bb3 Rd8 13. Bc2 c4 14. Qe2 e5 15. dxe5 Qxe5 16. f4 Qc5 17. Ne4 Qe7 1/2-1/2

[Event "Gibraltar Junior Intl U16 2019"]
[Site "Caleta"]
[Date "2019.08.16"]
[Round "2.14"]
[White "Miller, Max C"]
[Black "Mendis, Vidura"]
[Result "1/2-1/2"]
[ECO "C00"]
[WhiteElo "1563"]
[BlackElo "1528"]
[Annotator "NA"]
[PlyCount "36"]
[EventDate "2019.08.16"]
[EventType "swiss"]
[EventCountry "GGB"]
[SourceTitle "playchess.com"]
[Source "ChessBase"]
[SourceQuality "1"]
[TimeControl "6600+10"]

1. Nf3 e6 2. e4 d5 3. exd5 exd5 4. c4 dxc4 5. Bxc4 Nc6 6. O-O Be7 7. Qb3 Nh6 8. d4 O-O 9. Bxh6 gxh6 10. Ne5 Qe8 11. Qg3+ Kh8 12. Nxc6 Qxc6 13. Qe5+ Bf6 14. Qf4 Bg5 15. Qe5+ Bf6 16. Qf4 Bg5 17. d5 Bxf4 18. dxc6 Bg5 1/2-1/2

[Event "Gibraltar Junior Intl U16 2019"]
[Site "Caleta"]
[Date "2019.08.16"]
[Round "2.16"]
[White "Guilfanov, Raphael"]
[Black "Maldonado Mena, German"]
[Result "0-1"]
[ECO "D02"]
[WhiteElo "1493"]
[BlackElo "1850"]
[Annotator "NA"]
[PlyCount "56"]
[EventDate "2019.08.16"]
[EventType "swiss"]
[EventCountry "GGB"]
[SourceTitle "playchess.com"]
[Source "ChessBase"]
[SourceQuality "1"]
[TimeControl "6600+10"]

1. d4 d5 2. Bf4 Nf6 3. e3 c5 4. c3 Nc6 5. Nf3 Qb6 6. Qc2 c4 7. Nbd2 g6 8. Be2 Bf5 9. Qc1 Nh5 10. Be5 f6 11. Bg3 Nxg3 12. hxg3 g5 13. g4 Bxg4 14. Qc2 O-O-O 15. Nxg5 Bxe2 16. Qf5+ Rd7 17. Nf7 Bd3 18. Qe6 Qxb2 19. Rd1 Nd8 20. Nxd8 Kxd8 21. Rh5 Qb6 22. Qg4 Bc2 23. Qg3 Qc7 24. f4 Bxd1 25. Rxh7 Rxh7 26. Qg8 Rh1+ 27. Kf2 Rd6 28. Qxf8+ Kd7 0-1

[Event "Gibraltar Junior Intl U16 2019"]
[Site "Caleta"]
[Date "2019.08.16"]
[Round "2.17"]
[White "Walker, Max"]
[Black "Garcia Calero, Jose Maria"]
[Result "1-0"]
[ECO "E83"]
[WhiteElo "1667"]
[BlackElo "1395"]
[Annotator "NA"]
[PlyCount "73"]
[EventDate "2019.08.16"]
[EventType "swiss"]
[EventCountry "GGB"]
[SourceTitle "playchess.com"]
[Source "ChessBase"]
[SourceQuality "1"]
[TimeControl "6600+10"]

1. e4 d6 2. d4 Nf6 3. f3 g6 4. c4 Bg7 5. Nc3 O-O 6. Bd3 Nc6 7. Be3 e5 8. d5 Ne7 9. Nge2 Ne8 10. b4 f5 11. O-O f4 12. Bf2 Rf7 13. c5 Bf8 14. Rc1 Rg7 15. Nb5 a6 16. Na3 g5 17. Kh1 g4 18. cxd6 Qxd6 19. Qb3 Kh8 20. Nc4 Qf6 21. Nxe5 Qxe5 22. Bd4 Qg5 23. Bxg7+ Bxg7 24. fxg4 Ng6 25. h3 Be5 26. Bb1 Qh4 27. Kg1 Bd7 28. a4 Nf6 29. Rcd1 Re8 30. Nd4 Rg8 31. Nf3 Qg3 32. Qc2 Bd6 33. g5 Ne8 34. e5 Bxb4 35. e6 Bc8 36. Qb2+ Ng7 37. Qxb4 1-0